Map: Vaani Research Station (Void)

Players

ByuL - Winner!

  • Race: Zerg Zerg
  • Spawn Location: 6:00

Classic

  • Race: Protoss Protoss
  • Spawn Location: 12:00

Event: IEM Season 11 - Gyeonggi

VOD

Have the link to the VOD?

Description

Time

  • Played on: Dec. 14, 2016, 2:30 a.m.
  • Length: 16:14

All games in this series

Show
View Real Time Build Order
Export as new Build Order

ByuL Zerg - Winner!

Build Orders: Pool First, Lurkers 

Get SALT Encoding   

  12  0:00  Drone  
  13  0:08  Drone  
  14  0:17  Overlord  
  14  0:22  Extractor  
  14  0:23  Drone  
  15  0:36  Drone  
  15  0:37  Drone  
  17  0:45  Spawning Pool  
  17  0:48  Drone  
  17  1:10  Hatchery  
  16  1:12  Drone  
  16  1:16  Drone  
  18  1:18  Drone  
  19  1:26  Extractor  
  18  1:33  Queen, Zergling x2  
  18  1:38  Drone  
  22  1:48  Overlord  
  22  2:05  Hatchery  
  21  2:08  Drone  
  22  2:17  Queen  
  22  2:21  Drone  
  25  2:24  Drone  
  25  2:27  Drone  
  27  2:32  Drone  
  28  2:39  Metabolic Boost  
  28  2:41  Drone  
  28  2:42  Drone  
  29  2:45  Drone  
  29  2:48  Drone  
  29  2:50  Drone  
  32  2:56  Overlord  
  32  2:58  Drone  
  32  3:00  Zergling x2  
  34  3:08  Drone  
  35  3:16  Drone x2  
  35  3:17  Drone, Queen  
  41  3:20  Drone  
  41  3:26  Drone x2  
  43  3:27  Drone  
  43  3:29  Drone, Overlord  
  43  3:34  Queen  
  45  3:36  Drone  
  45  3:39  Drone  
  49  3:42  Drone  
  49  3:48  Overlord  
  50  3:49  Drone  
  50  3:50  Drone x3  
  50  3:55  Roach Warren  
  53  3:58  Drone x3  
  53  4:02  Lair  
  56  4:04  Drone  
  56  4:07  Extractor  
  56  4:08  Extractor  
  56  4:09  Overlord  
  55  4:10  Drone  
  55  4:16  Drone  
  57  4:17  Drone  
  57  4:18  Drone x2  
  57  4:22  Spore Crawler x2  
  58  4:28  Drone  
  58  4:31  Spore Crawler  
  58  4:35  Overlord  
  58  4:36  Roach x4  
  58  4:38  Roach  
  68  4:40  Roach  
  68  4:43  Roach x2  
  68  4:45  Roach x2  
  74  4:46  Overlord  
  74  4:50  Overlord  
  74  4:56  Drone x3  
  74  4:58  Drone  
  78  5:02  Ravager  
  78  5:03  Ravager  
  78  5:04  Overseer  
  78  5:05  Drone x2  
  78  5:06  Drone  
  81  5:08  Drone x2  
  81  5:09  Drone  
  84  5:21  Drone x2  
  84  5:22  Roach Warren, Hatchery  
  84  5:23  Drone x2  
  84  5:25  Drone  
  84  5:26  Drone  
  88  5:29  Drone x2, Overlord  
  88  5:31  Overlord  
  88  5:34  Overseer  
  90  5:36  Overlord  
  90  5:37  Drone  
  90  5:38  Drone  
  90  5:40  Extractor  
  91  5:46  Overlord  
  91  5:48  Drone  
  91  5:49  Extractor  
  90  5:51  Hydralisk Den, Extractor  
  90  5:56  Drone x3  
  91  5:58  Overlord  
  91  6:02  Drone  
  92  6:07  Glial Reconstitution  
  92  6:11  Overlord  
  92  6:12  Zergling x2  
  92  6:13  Zergling x14  
  100  6:19  Hatchery  
  99  6:26  Muscular Augments  
  99  6:27  Overlord  
  99  6:31  Hydralisk x3  
  99  6:32  Hydralisk x5  
  115  6:35  Hydralisk  
  115  6:36  Zergling x2  
  115  6:39  Ravager  
  119  6:40  Ravager x2  
  119  6:45  Zergling x2  
  119  6:46  Zergling x10  
  127  6:52  Hydralisk x2  
  127  6:53  Hydralisk  
  132  6:54  Evolution Chamber  
  132  6:57  Hydralisk  
  132  6:58  Zergling x2  
  132  6:59  Zergling x6  
  133  7:02  Hydralisk x2  
  133  7:06  Hydralisk x2  
  141  7:16  Drone  
  141  7:17  Drone x4  
  141  7:21  Zerg Missile Weapons Level 1  
  146  7:24  Hydralisk x2  
  146  7:26  Overlord x3  
  148  7:31  Overlord  
  148  7:33  Drone, Queen  
  151  7:37  Overseer  
  151  7:42  Drone x3  
  151  7:43  Drone x4  
  158  7:44  Roach x2  
  162  7:51  Roach  
  162  7:52  Roach x4  
  173  7:58  Drone  
  173  8:01  Drone x2, Baneling Nest  
  173  8:03  Drone x2  
  173  8:05  Lurker Den  
  176  8:08  Roach x3  
  176  8:09  Roach  
  176  8:10  Overlord  
  184  8:15  Overlord x2, Evolution Chamber  
  184  8:19  Spore Crawler  
  181  8:34  Overlord  
  180  8:45  Hatchery  
  180  8:47  Zerg Melee Weapons Level 1  
  177  8:53  Zergling x2  
  177  8:54  Zergling x30  
  177  8:55  Zergling x4  
  195  8:57  Zergling x6  
  198  9:03  Baneling x9  
  198  9:04  Baneling  
  198  9:06  Infestation Pit  
  198  9:08  Spire, Zergling x2  
  198  9:09  Overseer  
  197  9:13  Drone x3  
  197  9:15  Extractor x2  
  198  9:23  Baneling  
  198  9:24  Baneling x3, Centrifical Hooks, Overlord  
  198  9:30  Hydralisk  
  198  9:31  Hydralisk x2  
  198  9:37  Hydralisk x10  
  198  9:38  Hydralisk  
  199  9:40  Zergling x2  
  200  9:52  Zerg Missile Weapons Level 2  
  200  9:55  Hive  
  200  10:06  Lurker  
  188  10:14  Hydralisk x4  
  188  10:15  Zergling x2  
  188  10:16  Zergling x14  
  188  10:18  Zergling x2  
  188  10:19  Zergling x12  
  179  10:25  Lurker x3  
  178  10:28  Zergling x2  
  178  10:29  Zergling x22  
  178  10:33  Hydralisk x2  
  182  10:38  Ravager  
  182  10:39  Overseer  
  182  10:41  Zergling x2  
  181  10:45  Zergling x4  
  181  10:49  Lurker x3  
  175  10:50  Zergling x2  
  175  10:51  Zergling x8  
  180  10:57  Spine Crawler  
  180  10:58  Spore Crawler  
  180  11:02  Hydralisk  
  180  11:03  Hydralisk  
  182  11:10  Zergling x2  
  182  11:11  Zergling x12  
  170  11:22  Hydralisk x2  
  173  11:25  Lurker  
  173  11:26  Lurker x3  
  173  11:27  Hatchery  
  173  11:28  Zergling x14  
  182  11:34  Zergling x4  
  182  11:38  Zergling x6  
  182  11:39  Adrenal Glands  
  187  11:43  Overseer  
  187  11:45  Drone  
  187  11:46  Drone x2  
  190  11:47  Extractor  
  190  11:51  Baneling x3  
  177  12:04  Hydralisk  
  177  12:05  Hydralisk x5  
  162  12:18  Zergling x4  
  162  12:19  Zergling x4  
  162  12:21  Overseer  
  162  12:23  Drone x3  
  162  12:27  Zerg Melee Weapons Level 2  
  163  12:32  Zergling x2  
  163  12:33  Zergling x2  
  163  12:34  Zergling x6  
  167  12:41  Drone  
  167  12:42  Spore Crawler  
  167  12:43  Zergling x6  
  162  13:03  Hydralisk x2  
  162  13:04  Zergling x12  
  148  13:09  Zergling x2  
  148  13:10  Zergling x6  
  122  13:13  Zergling x2  
  122  13:17  Hydralisk x2  
  122  13:18  Roach, Zergling x2  
  122  13:19  Zergling x16  
  131  13:20  Zergling x6  
  134  13:32  Viper x2  
  134  13:34  Hydralisk x3, Zergling x4  
  142  13:37  Lurker  
  142  13:38  Hydralisk, Lurker  
  142  13:39  Lurker  
  142  13:41  Hydralisk  
  153  13:42  Drone x2  
  153  13:43  Drone  
  153  13:45  Drone  
  153  13:46  Hydralisk  
  161  13:48  Baneling  
  161  13:49  Baneling x5  
  157  14:00  Zergling x4  
  157  14:01  Zergling x20  
  144  14:08  Zergling x8  
  143  14:11  Zergling x2  
  142  14:18  Zergling x14  
  142  14:20  Zerg Ground Armor Level 1  
  142  14:23  Zergling x4  
  151  14:27  Hydralisk x2  
  151  14:29  Baneling  
  151  14:30  Baneling x4  
  155  14:32  Zergling x4  
  157  14:39  Zergling x6  
  157  14:44  Hydralisk  
  157  14:45  Hydralisk x4  
  170  14:47  Hydralisk x2  
  170  14:48  Zergling x2  
  170  14:49  Zergling x4  
  174  14:56  Zergling x4  
  174  14:58  Zergling x14  
  175  15:04  Zergling x2  
  175  15:05  Zergling x10  
  152  15:07  Zergling x4  
  152  15:13  Zergling x4  
  152  15:14  Zergling x10  
  150  15:17  Zergling x2  
  148  15:30  Zergling x4  
  148  15:31  Zergling x18  
  153  15:35  Zergling x2  
  147  15:44  Zergling x4  
  147  15:45  Zergling x10  
  147  15:48  Lurker x2  
  147  15:49  Zergling x2  
  158  15:50  Lurker  
  158  15:51  Zergling x2  
  158  15:56  Hatchery  
Show
View Real Time Build Order
Export as new Build Order

Classic Protoss 

Build Orders: 1 Gate Expand, Zealot Archon, Dark Templar Rush 

Get SALT Encoding   

  12  0:00  Probe (Chrono Boost)  
  13  0:11  Probe (Chrono Boost)  
  14  0:17  Pylon  
  14  0:22  Probe (Chrono Boost)  
  16  0:36  Gateway, Probe (Chrono Boost)  
  16  0:42  Assimilator  
  16  0:46  Probe (Chrono Boost)  
  17  0:57  Probe (Chrono Boost)  
  18  1:07  Probe (Chrono Boost)  
  19  1:18  Probe (Chrono Boost)  
  20  1:25  Nexus  
  20  1:33  Cybernetics Core  
  20  1:37  Probe (Chrono Boost)  
  21  1:42  Assimilator  
  21  1:49  Pylon  
  21  1:52  Probe (Chrono Boost)  
  22  2:02  Probe (Chrono Boost)  
  23  2:09  Adept (Chrono Boost)  
  23  2:10  Warp Gate  
  23  2:13  Probe  
  26  2:25  Mothership Core (Chrono Boost)  
  28  2:38  Probe (Chrono Boost)  
  29  2:44  Twilight Council  
  29  2:45  Probe (Chrono Boost)  
  29  2:48  Probe (Chrono Boost)  
  31  2:55  Probe (Chrono Boost)  
  32  3:00  Robotics Facility  
  32  3:02  Probe (Chrono Boost)  
  33  3:06  Probe (Chrono Boost)  
  34  3:13  Probe (Chrono Boost)  
  34  3:16  Probe (Chrono Boost)  
  36  3:23  Probe (Chrono Boost)  
  38  3:27  Probe (Chrono Boost)  
  38  3:28  Dark Shrine  
  38  3:34  Probe (Chrono Boost)  
  39  3:36  Gateway  
  39  3:37  Gateway  
  39  3:40  Gateway  
  39  3:43  Probe (Chrono Boost)  
  39  3:47  Warp Prism (Chrono Boost)  
  42  3:52  Pylon  
  42  3:56  Assimilator  
  42  3:57  Assimilator  
  42  3:59  Probe x2  
  44  4:05  Pylon  
  44  4:10  Probe (Chrono Boost)  
  44  4:12  Probe (Chrono Boost)  
  46  4:19  Adept  
  46  4:22  Probe (Chrono Boost)  
  46  4:23  Probe (Chrono Boost)  
  50  4:29  Pylon  
  50  4:33  Probe (Chrono Boost)  
  50  4:34  Probe  
  52  4:43  Dark Templar x3  
  52  4:45  Dark Templar  
  60  4:48  Probe  
  60  4:50  Probe  
  62  4:52  Pylon  
  62  5:05  Blink (Chrono Boost)  
  62  5:12  Nexus  
  62  5:20  Immortal (Chrono Boost)  
  66  5:27  Stalker x2, Sentry  
  70  5:34  Stalker  
  70  5:36  Probe x2  
  70  5:39  Pylon  
  72  5:43  Forge  
  72  5:48  Probe x2  
  72  5:49  Archon  
  74  5:51  Dark Templar  
  74  5:54  Dark Templar  
  78  5:58  Archon  
  78  6:01  Probe x2  
  78  6:02  Immortal (Chrono Boost)  
  84  6:13  Probe x2  
  84  6:15  Protoss Ground Weapons Level 1 (Chrono Boost), Pylon  
  86  6:28  Probe x2  
  88  6:34  Stalker x2, Sentry  
  88  6:35  Stalker  
  88  6:36  Probe  
  97  6:40  Probe x2  
  99  6:47  Probe  
  99  6:48  Pylon  
  99  6:52  Probe x2, Assimilator  
  102  6:59  Immortal  
  102  7:02  Gateway x2  
  102  7:08  Gateway  
  106  7:10  Gateway, Probe  
  106  7:11  Probe x2  
  106  7:13  Assimilator  
  106  7:14  Gateway  
  109  7:18  Pylon  
  109  7:22  Sentry, Pylon  
  109  7:23  Stalker, Sentry  
  115  7:32  Stalker  
  115  7:33  Immortal  
  115  7:36  Pylon  
  117  7:37  Pylon  
  117  7:40  Photon Cannon  
  117  7:42  Pylon  
  121  7:45  Probe  
  122  7:58  Stalker x2  
  122  7:59  Stalker x3  
  122  8:02  Protoss Ground Weapons Level 2 (Chrono Boost)  
  132  8:10  Stalker x3  
  132  8:12  Immortal  
  142  8:23  Stalker x3  
  148  8:27  Stalker x2  
  148  8:30  Pylon  
  148  8:32  Pylon  
  152  8:46  Stalker x2  
  156  8:50  Stalker x3, Pylon  
  156  8:55  Stalker x2  
  166  9:01  Stalker  
  168  9:08  Pylon  
  168  9:12  Pylon  
  168  9:15  Stalker x3  
  168  9:17  Stalker  
  176  9:23  Stalker x2  
  180  9:26  Zealot  
  166  9:44  Stalker x5  
  176  9:47  Dark Templar x2  
  176  9:49  Stalker  
  182  9:52  Archon  
  182  9:58  Pylon  
  181  10:14  Stalker x6  
  181  10:20  Stalker x2  
  175  10:34  Observer  
  171  10:39  Pylon  
  168  10:50  Zealot x7, Protoss Ground Armor Level 1 (Chrono Boost)  
  168  10:51  Immortal  
  168  10:52  Robotics Facility  
  168  10:54  Robotics Facility  
  186  10:58  Charge (Chrono Boost)  
  178  11:23  Zealot x3  
  178  11:24  Zealot x5  
  194  11:28  Templar Archives  
  194  11:42  Nexus, Immortal (Chrono Boost)  
  194  11:43  Observer (Chrono Boost)  
  194  11:44  Observer (Chrono Boost)  
  190  12:04  Immortal (Chrono Boost)  
  156  12:17  Immortal x2 (Chrono Boost)  
  156  12:21  High Templar x4  
  156  12:22  Zealot x3  
  174  12:23  Zealot  
  174  12:26  Archon x2  
  174  12:27  Assimilator  
  178  12:30  Assimilator  
  174  12:38  Immortal (Chrono Boost)  
  176  12:45  Protoss Ground Weapons Level 3 (Chrono Boost)  
  176  12:50  High Templar  
  176  12:51  Immortal (Chrono Boost), High Templar  
  182  12:55  Archon  
  180  13:04  Zealot x4  
  180  13:05  Zealot  
  168  13:10  Zealot  
  143  13:19  Observer (Chrono Boost)  
  119  13:20  Observer (Chrono Boost)  
  119  13:25  Observer (Chrono Boost)  
  120  13:29  High Templar x2  
  120  13:30  Zealot x5  
  134  13:37  Immortal x2 (Chrono Boost)  
  134  13:39  Archon  
  134  13:40  Zealot  
  144  13:41  Immortal (Chrono Boost)  
  127  14:04  High Templar x2  
  127  14:09  Zealot x4, Archon  
  137  14:13  High Templar x2  
  137  14:14  Observer  
  137  14:16  Observer  
  142  14:18  Archon  
  143  14:33  High Templar x2  
  143  14:34  Zealot x2  
  143  14:36  Immortal  
  147  14:39  Archon  
  143  14:53  Zealot x4  
  132  15:05  Zealot x3  
  110  15:09  Immortal  
  110  15:10  Immortal x2  
  110  15:12  Zealot  
  91  15:17  Mothership Core (Chrono Boost)  
  103  15:27  High Templar x2  
  107  15:32  Zealot x3, Archon  
  81  15:52  High Templar  
  81  15:53  Zealot, High Templar  
  85  15:57  Archon  
  85  15:59  Zealot  
  69  16:05  Zealot  

Tags
 
Add a new tag
Caveats
  • Supply blocks, unpowered buildings, or Contaminate may cause inaccurate times.
  • Supply counts are checked every 10 seconds.